 Dungeon Crawl Stone Soup version 0.29-a0-542-g075992c915 (webtiles) character file.

Game seed: 9967162756397703381

221 HoaS the Quickloader (level 6, -2/35 HPs)
             Began as a Kobold Hunter on June 3, 2022.
             Slain by an orc
             ... wielding a +0 mace
              (5 damage)
             ... on level 4 of the Dungeon.
             The game lasted 00:04:18 (2591 turns).

HoaS the Quickloader (Kobold Hunter)                Turns: 2591, Time: 00:04:18

Health: -2/35      AC:  4    Str:  8    XL:     6   Next: 19%
Magic:  6/6        EV: 14    Int: 10    God:
Gold:   282        SH:  0    Dex: 21    Spells: 5/5 levels left

rFire   . . .      SeeInvis .   a - +1 hand crossbow
rCold   . . .      Faith    .   (no shield)
rNeg    . . .      Spirit   .   b - +0 leather armour
rPois   .          Reflect  .   (no helmet)
rElec   .          Harm     .   d - +0 cloak
rCorr   .          Rampage  .   (no gloves)
Will    .....                   (no boots)
Stlth   +++.......              (no amulet)
HPRegen 0.11/turn               (no ring)
MPRegen 0.10/turn               (no ring)

@: no status effects
A: small, no large weapons, nightstalker 3
a: no special abilities


You were on level 4 of the Dungeon.
You visited 1 branch of the dungeon, and saw 4 of its levels.

You collected 282 gold pieces.

Inventory:

Hand Weapons
 a - a +1 hand crossbow (weapon)
Armour
 b - a +0 leather armour (worn)
 d - a +0 cloak (worn)
Scrolls
 c - a scroll of immolation
 j - a scroll of magic mapping
 k - a scroll of fog
Potions
 e - a potion of flight {unknown}
 f - a potion of cancellation {unknown}
 g - a potion of mutation {unknown}
 h - a potion of magic {unknown}
 i - a potion of attraction {unknown}
 l - a potion of might {unknown}
 m - a potion of degeneration {unknown}
 o - 2 potions of curing
 p - 2 potions of heal wounds {unknown}


   Skills:
 - Level 2.1 Fighting
 + Level 9.2 Crossbows
 - Level 2.4 Dodging
 - Level 1.3 Stealth


You had 5 spell levels left.
You didn't know any spells.
Your spell library contained the following spells:

 Spells                   Type           Power      Damage    Failure   Level
 Blink                    Tloc           0%         N/A       63%         2
 Lesser Beckoning         Tloc           0%         N/A       86%         3
 Manifold Assault         Tloc           0%         N/A       100%        5


Dungeon Overview and Level Annotations

Branches:
Dungeon (4/15)
 Temple: D:4-7

Altars:

Shops:
D:1 :


Innate Abilities, Weirdness & Mutations

You are small and have problems with some larger weapons.
You are completely attuned to the shadows.


Message History

The bolt hits the orc wizard but does no damage.
You shoot a bolt. The bolt hits the orc wizard.
The orc wizard is moderately wounded.
The orc wizard points at you and mumbles some strange words.
The puff of flame hits you.
An orc comes into view. It is wielding a +0 whip.
You shoot a bolt. The bolt closely misses the orc.
The orc completely misses you.
You shoot a bolt. The bolt closely misses the orc wizard.
The bolt hits the orc!
You kill the orc!
The orc wizard gestures at you while chanting.
The puff of flame hits you! The orc completely misses you.
Shoot: a) +1 hand crossbow
Press: ? - help, Q - select action Shift-Dir - straight line, f/p - orc wizard
Aim: an orc wizard, wielding a +0 dagger and wearing a +0 robe (moderately wounded, 63% to hit)
You shoot a bolt. The bolt hits the orc wizard.
The orc wizard is heavily wounded.
The orc closely misses you.
Shoot: a) +1 hand crossbow
Press: ? - help, Q - select action Shift-Dir - straight line, f/p - orc wizard
Aim: an orc wizard, wielding a +0 dagger and wearing a +0 robe (heavily wounded, 63% to hit)
You shoot a bolt.
The bolt hits the orc wizard but does no damage.
The orc wizard is heavily wounded.
The orc hits you with a +0 mace.
The orc wizard hits you with a +0 dagger.
The orc hits you with a +0 mace!
* * * LOW HITPOINT WARNING * * *
An orc comes into view. It is wielding a +0 club.
The orc wizard hits you but does no damage.
Shoot: a) +1 hand crossbow
Press: ? - help, Q - select action Shift-Dir - straight line, f/p - orc wizard
Aim: an orc wizard, wielding a +0 dagger and wearing a +0 robe (heavily wounded, 63% to hit)
You shoot a bolt. The bolt barely misses the orc wizard.
The orc shouts!
The orc wizard hits you with a +0 dagger.
* * * LOW HITPOINT WARNING * * *
The orc hits you with a +0 mace.
You die...

#/....... #.o....).
##........ #....o....
####....@o#
#..'......#
#.##......#
#.#<......#
#.##†.....#
#.#+......#
#########.##......#
....................
##########.##########


You could see an orc wizard and 2 orcs.

Vanquished Creatures
  Natasha (thrice) (D:2)
  5 adders
  3 worms (D:2)
  5 dart slugs
  5 orcs
  2 bats (D:1)
  7 endoplasms
  3 giant cockroaches
  7 hobgoblins
  10 kobolds
  3 quokkas (D:2)
  8 ball pythons
  6 frilled lizards
  6 goblins
  10 rats
83 creatures vanquished.

Notes
Turn   | Place    | Note
-------+----------+-------------------------------------------
     0 | D:1      | HoaS the Kobold Hunter began the quest for the Orb.
     0 | D:1      | Reached XP level 1. HP: 12/12 MP: 1/1
   132 | D:1      | Reached XP level 2. HP: 17/17 MP: 2/2
   165 | D:1      | Reached skill level 6 in Crossbows
   367 | D:1      | Reached XP level 3. HP: 21/21 MP: 3/3
   631 | D:1      | Found Plog's Book Boutique.
   966 | D:2      | Reached skill level 7 in Crossbows
   996 | D:2      | Reached XP level 4. HP: 26/26 MP: 4/4
  1094 | D:2      | Identified the +0 leather armour "Ocsus" {Contam Fly rElec
                  | Str+4}
  1148 | D:2      | Found a faded altar of an unknown god.
  1321 | D:2      | Noticed Natasha
  1325 | D:2      | Killed Natasha
  1356 | D:2      | Noticed Natasha
  1364 | D:2      | Killed Natasha
  1365 | D:2      | Reached skill level 8 in Crossbows
  1365 | D:2      | Reached XP level 5. HP: 17/30 MP: 5/5
  1610 | D:2      | Noticed Natasha
  1613 | D:2      | Killed Natasha
  2206 | D:3      | Reached XP level 6. HP: 35/35 MP: 6/6
  2368 | D:3      | Reached skill level 9 in Crossbows
  2591 | D:4      | Slain by an orc

Illustrated notes

Levels and vault maps discovered:
D:1:      onia_arrival_handbag, layout_basic, serial_shops,
          nicolae_shop_hallway_plus, grunt_decor_resistance
D:2:      layout_loops_ring, hellmonk_ecumenical_altar_lost_god, uniq_natasha
D:3:      layout_rooms, dk_noncrumbling_3, minmay_misc_feat_hallway
D:4:      minmay_opposing_rooms, layout_basic

Skill      XL: |  1  2  3  4  5  6 |
---------------+-------------------+-----
Crossbows      | 6 7 8 9 |  9.2
Fighting       | |  2.1
Dodging        | |  2.4
Stealth        | |  1.3

Action                   |  1- 3 |  4- 6 || total
-------------------------+-------+-------++-------
 Fire: Hand crossbow     |    59 |   127 ||   186
  Use: Scroll            |     2 |     4 ||     6
Armor: Leather armour    |     1 |     8 ||     9
Dodge: Dodged            |     5 |    33 ||    38

Table legend: (Time is in decaauts)
 A = Elapsed time spent in this place.
 B = Non-inter-level travel time spent in this place.
 C = Inter-level travel time spent in this place.
 D = Time resting spent in this place.
 E = Time spent auto-exploring this place.
 F = Levels seen in this place.
 G = Mean time per level.
                   A        B        C        D        E       F      G
               +--------+--------+--------+--------+--------+-----+--------+
         Total |   2621 |   2511 |    110 |    278 |   1849 |   4 |  655.2 |
       Dungeon |   2621 |   2511 |    110 |    278 |   1849 |   4 |  655.2 |
               +--------+--------+--------+--------+--------+-----+--------+

Top non-repeatable levels by time:
     D:2: 964 daAuts
     D:1: 855 daAuts
     D:3: 718 daAuts
     D:4: 82 daAuts
